 Dungeon Crawl Stone Soup version 0.31-a0-968-g24f9ace8b5 (webtiles) character file.

Game seed: 7485092435394667715

294511 Dordric the Bringer of Light (level 20, -35/137 HPs)
             Began as a Gargoyle Fighter on Oct 27, 2023.
             Was the Champion of the Shining One.
             Killed from afar by a living spell (57 damage)
             ... with a crystal spear
             ... summoned by a walking crystal tome
             ... on level 3 of the Depths.
             The game lasted 01:30:39 (44294 turns).

Dordric the Bringer of Light (Gargoyle Fighter)    Turns: 44294, Time: 01:30:41

Health: -35/137    AC: 46    Str: 27    XL:     20   Next: 85%
Magic:  32/32      EV:  8    Int: 11    God:    the Shining One [******]
Gold:   3250       SH: 23    Dex:  7    Spells: 19/19 levels left

rFire   + . .        h - +4 sacred scourge (holy)
rCold   . . .        j - +4 kite shield {AC+3}
rNeg    + + +        x - +3 plate armour
rPois   ∞            M - +2 hat
rElec   +            r - +2 cloak
rCorr   .            (no gloves)
SInv    .            S - +2 pair of boots
Will    +....        y - amulet of reflection Stlth
                     n - +4 ring of protection
HPRegen 0.42/turn    X - ring of protection from fire
MPRegen 0.23/turn

%: reflection
@: flying, glowing
A: sickness immunity, AC +15, big wings, negative energy resistance 1,
electricity resistance, torment resistance 1, petrification resistance, clumsy
1, deformed body, low MP 1, subdued magic 1
}: 2/15 runes: decaying, gossamer
a: Renounce Religion, Divine Shield, Cleansing Flame, Summon Divine Warrior


You were on level 3 of the Depths.
You worshipped the Shining One.
The Shining One was exalted by your worship.
You visited 6 branches of the dungeon, and saw 33 of its levels.
You visited the Abyss 1 time.
You also visited: Ossuary.

You collected 4044 gold pieces.
You spent 665 gold pieces at shops.
You donated 129 gold pieces to Zin.

Inventory:

Hand Weapons
 h - a +4 sacred scourge of holy wrath (weapon)
 Q - a +3 eveningstar of flaming
Armour
 a - +0 gold dragon scales
 j - a +4 kite shield of protection (worn)
 r - a +2 cloak (worn)
 x - a +3 plate armour (worn)
 M - a +2 hat (worn)
 S - a +2 pair of boots (worn)
 Y - +0 fire dragon scales
Jewellery
 n - a +4 ring of protection (left hand)
 p - an amulet of regeneration
 u - a +4 ring of protection
 y - an amulet of reflection (around neck)
 K - a ring of see invisible
 N - a ring of resist corrosion
 R - an amulet of magic regeneration
 W - a ring of fire
 X - a ring of protection from fire (right hand)
Wands
 b - a wand of paralysis (26)
 d - a wand of flame (37)
 J - a wand of roots (26)
 P - a wand of quicksilver (27)
 V - a wand of polymorph (8)
 Z - a wand of mindburst (10)
Scrolls
 c - 3 scrolls of enchant weapon
 e - 3 scrolls of vulnerability
 f - 10 scrolls of poison
 g - 3 scrolls of teleportation
 k - 6 scrolls of fog
 m - 3 scrolls of fear
 o - 4 scrolls of revelation
 t - 2 scrolls of amnesia
 B - 5 scrolls of identify
 F - 7 scrolls of immolation
 O - 3 scrolls of blinking
 U - a scroll of silence
Potions
 i - a potion of cancellation
 l - 5 potions of might
 q - 4 potions of heal wounds
 s - 5 potions of attraction
 v - 4 potions of lignification
 w - 2 potions of haste
 z - a potion of magic {unknown}
 A - 5 potions of enlightenment
 C - 6 potions of mutation
 D - 4 potions of ambrosia
 E - 3 potions of resistance
 H - 12 potions of curing
 I - 4 potions of invisibility {unknown}
 L - 8 potions of berserk rage
 T - 5 potions of brilliance


   Skills:
 + Level 18.9 Fighting
 - Level 16.0 Maces & Flails
 - Level 14.4 Armour
 - Level 19.8 Shields
 + Level 23.3 Invocations


You had 19 spell levels left.
You didn't know any spells.
Your spell library contained the following spells:

 Spells                   Type           Power      Damage    Failure   Level
 Apportation              Tloc           0%         N/A       95%         1
 Necrotise                Necr           0%         1d4       95%         1
 Summon Small Mammal      Summ           0%         N/A       95%         1
 Blink                    Tloc           0%         N/A       99%         2
 Lesser Beckoning         Tloc           0%         N/A       99%         2
 Momentum Strike          Conj/Tloc      0%         3d8       99%         2
 Gell's Gravitas          Tloc           0%         N/A       100%        3
 Ignite Poison            Fire/Tmut/Pois 0%         N/A       100%        3
 Inner Flame              Hex/Fire       0%         N/A       100%        3
 Summon Guardian Golem    Hex/Summ       0%         N/A       100%        3
 Teleport Other           Tloc           0%         N/A       100%        3
 Tukima's Dance           Hex            0%         N/A       100%        3
 Cause Fear               Hex            0%         N/A       100%        4
 Dimensional Bullseye     Hex/Tloc       0%         N/A       100%        4
 Flame Wave               Conj/Fire      0%         2d4       100%        4
 Iskenderun's Mystic Bla  Conj/Tloc      0%         2d3       100%        4
 Leda's Liquefaction      Hex/Erth       0%         N/A       100%        4
 Manifold Assault         Tloc           0%         N/A       100%        4
 Sticky Flame             Conj/Fire      0%         2d3       100%        4
 Fireball                 Conj/Fire      0%         3d3       100%        5
 Freezing Cloud           Conj/Ice/Air   0%         6-21      100%        5
 Lee's Rapid Deconstruct  Erth           0%         3d4*      100%        5
 Bombard                  Conj/Erth      0%         9d1       100%        6
 Dispersal                Tloc           0%         N/A       100%        6
 Simulacrum               Ice/Necr       0%         N/A       100%        6
 Orb of Destruction       Conj           0%         9d5       100%        7
 Ozocubu's Refrigeration  Ice            0%         4d7       100%        7
 Spellforged Servitor     Conj/Summ      0%         N/A       100%        7
 Disjunction              Tloc           0%         N/A       100%        8
 Ignition                 Fire           0%         3d3       100%        8
 Dragon's Call            Summ           0%         N/A       100%        9
 Polar Vortex             Ice            0%         N/A       100%        9
 Cigotuvi's Dreadful Rot  Necr/Pois/Air  Unusable   N/A       N/A         2

Dungeon Overview and Level Annotations

Branches:
Dungeon (15/15)            Temple (0/1) D:7            Lair (5/5) D:9
  Swamp (4/4) Lair:3       Spider (4/4) Lair:3        Slime (0/5) Lair:4
    Orc (2/2) D:11            Elf (0/3) Orc:2        Vaults (0/5) D:14
 Depths (3/4) D:15        Ossuary (visited)

Altars:
Dithmenos
Elyvilon
Fedhas
Gozag
Hepliaklqana
Kikubaaqudgha
Qazlal
Ru
Sif Muna
Uskayaw
Wu Jian
Xom
Zin
The Shining One
Jiyva

Shops:
D:3 [   D:6 *   D:10 *   D:15 *=   Orc:1 =   Orc:2 ((=

Portals:
Hell: Depths:1 Depths:2 Depths:3
Abyss: Depths:1 Depths:2 Depths:3
Pandemonium: Depths:2
Bazaar: D:15
Trove: Depths:1 (give +2 fire dragon scales)

Annotations:
D:10 3 runed translucent doors, Frenzy's ghost, novice GrFi; Pooter's ghost, journeyman MiBe; croobank's ghost, journeyman DsCj; hgbash's ghost, journeyman GrFi
D:13 1 runed translucent door, Guagh's ghost, journeyman MiFi
Swamp:2 1 runed translucent door, jasper's ghost, adept DECj
Depths:3 1 runed translucent door


Innate Abilities, Weirdness & Mutations

You are immune to sickness and miasma.
Your stone body is resilient. (AC +15)
You are immune to poison.
Your large and strong wings let you fly.
You resist negative energy. (rN+)
You are resistant to electric shocks. (rElec)
You are resistant to unholy torment.
You are immune to petrification.
You are clumsy. (Dex -2)
Armour fits poorly on your strangely shaped body.
Your magical capacity is low. (-10% MP)
Your spells are a little easier to cast, but a little less powerful.


Message History

The hell knight mumbles some strange prayers to its god against you.
The bolt of fire hits you but does no damage.
You hit the hell knight but do no damage.
The hell knight is heavily wounded.
You whack the hell knight!
The hell knight is severely wounded.
The walking crystal tome erupts in a flurry of living spells!
The hell knight hits you with a +5 battleaxe!
You whack the hell knight!
The hell knight is almost dead.
You barely miss the hell knight.
The hell knight is almost dead.
The walking crystal tome erupts in a flurry of living spells!
You block the hell knight's attack.
You thrash the hell knight!!
You kill the hell knight!
The Shining One accepts your kill.
You feel better.
A hell knight simulacrum comes into view.
The walking crystal tome hits you but does no damage.
The living spell casts itself at you. The crystal spear hits you!!!
The living spell casts itself at you. The crystal spear hits you!!
You block the hell knight's attack.
There is an open door, spattered with blood here.
Items here: )) [[[ †.
The living spell casts itself at you.
You block the crystal spear... and reflect it back!
The crystal spear hits the living spell!!!
You destroy the living spell!
Items here: ))) [[[ †††.
The walking crystal tome erupts in a flurry of living spells!
You block the walking crystal tome's attack.
You block the hell knight's attack. The living spell casts itself at you.
The crystal spear hits you!!!
* * * LOW HITPOINT WARNING * * *
The living spell casts itself at you. The crystal spear hits you!!!
You die...

......8.#.......#
###)#...#...#####
....#...#...# #.#
.)..#...#...# #.#
....#...#...###.#
#...#####...# ..#
#...........###.#
#...........'.#.####.##.#
#.........).#*..@......$#
###############;####.####
#...p...#.###
#...Z.Z.'....
#.......#.##. ..........#
# #.##......# #..
##.....# .. #......


You could see a walking crystal tome, a hell knight, a hell knight simulacrum
and a living crystal spell (summoned).

Vanquished Creatures
  the Lernaean hydra (Swamp:4)
  3 golden dragons
  A bone dragon (Abyss:2)
  Norris (Depths:1)
  A tentacled monstrosity (Depths:3)
  2 liches (Depths:3)
  A shard shrike skeleton (Abyss:2)
  2 hellephants (Depths:1)
  Asterion (Depths:1)
  7 tentacled starspawn (Abyss:2)
  A thorn hunter (Swamp:1)
  Kirke (D:12)
  2 tengu reavers (Depths:3)
  A fenstrider witch (Swamp:2)
  4 fire giants
  5 emperor scorpions (Spider:4)
  Louise (Depths:3)
  4 frost giants
  An angel (Abyss:2)
  A ghost moth (Spider:4)
  A balrug (Abyss:2)
  9 very ugly things
  A juggernaut skeleton (Depths:1)
  2 ghouls (Swamp:3)
  2 broodmothers (Spider:3)
  2 apis
  2 ophanim (Abyss:2)
  6 stone giants
  3 eleionomae
  Azrael (D:12)
  2 bunyips (Swamp:1)
  Snorg (D:11)
  A spark wasp (Spider:4)
  6 fire dragons
  2 ettins
  Josephine (D:10)
  2 entropy weavers
  A great orb of eyes (Abyss:2)
  5 rakshasas
  Harold (D:14)
  16 hydras
  Fannar (D:12)
  An ogre mage (D:14)
  5 catoblepae
  4 spriggan air magi
  Erica (D:14)
  2 ghost crabs
  A hydra (shapeshifter) (D:13)
  A jorogumo (Spider:1)
  12 alligators
  3 radroaches
  8 centaur warriors
  3 ice dragons
  7 boulder beetles
  5 death yaks (Lair:5)
  6 tengu warriors
  2 death knights (D:13)
  4 two-headed ogres
  A deep troll earth mage (Depths:1)
  2 naga warriors (Abyss:2)
  6 hell hogs (Depths:1)
  4 orc high priests
  4 demonic crawlers
  5 spriggan berserkers
  4 hell knights
  3 sun demons
  3 occultists
  A soul eater (D:12)
  Amaemon (D:8)
  3 thrashing horrors (Abyss:2)
  2 deep elf knights (D:14)
  A titan skeleton (Depths:1)
  A sixfirhy (Depths:2)
  5 skeletal warriors (D:14)
  5 skysharks
  A sun moth (Spider:2)
  An anaconda zombie (Abyss:2)
  4 pharaoh ants
  4 goliath frogs
  Lodul (D:11)
  7 spriggan druids
  2 wretched stars (Abyss:2)
  A death drake (Swamp:2)
  A deep troll (Depths:3)
  An iron troll (Depths:1)
  8 orb spiders
  8 swamp dragons
  6 necromancers
  5 glowing orange brains
  5 bog bodies
  An arcanist (D:15)
  A golden dragon skeleton (Depths:1)
  A spriggan simulacrum (Abyss:2)
  A tengu zombie (Depths:1)
  5 steelbarb worms
  A deep elf zephyrmancer (D:15)
  4 deep elf pyromancers
  14 wolf spiders
  3 manticores
  3 orc sorcerers (Orc:2)
  5 large abominations (Abyss:2)
  20 ugly things
  4 cyclopes
  A fire giant zombie (Depths:1)
  2 moths of wrath
  A stone giant zombie (Depths:1)
  2 worldbinders (Abyss:2)
  29 elephants
  2 centaur zombies (D:15)
  4 black mambas
  A guardian serpent (Abyss:2)
  Joseph (Lair:1)
  2 smoke demons (Abyss:2)
  Jeremiah (D:6)
  An orange demon (D:8)
  15 cane toads
  2 centaur skeletons (D:15)
  2 gargoyles
  2 torpor snails
  An unseen horror (D:11)
  2 spriggan zombies
  4 rime drakes
  3 yaktaurs (D:14)
  2 kobold demonologists
  Maggie (D:6)
  2 efreet (D:14)
  3 freezing wraiths
  3 tengu conjurers
  5 trolls
  4 komodo dragons
  4 ancient zymes (Abyss:2)
  12 meliai
  3 polar bears
  A bloated husk (Swamp:2)
  A wolf spider simulacrum (D:15)
  7 tyrant leeches
  A tarantella (shapeshifter) (D:15)
  A hydra skeleton (Abyss:2)
  Grinder (D:6)
  A raiju (Abyss:2)
  21 tarantellas
  2 stone giant simulacra (Depths:1)
  5 blink frogs (Lair:3)
  13 hornets
  2 glass eyes (Depths:3)
  9 slime creatures
  2 centaur simulacra
  25 culicivoras
  Sigmund (D:4)
  A flying skull (Abyss:2)
  A jumping spider (shapeshifter) (Depths:2)
  31 jumping spiders
  A spriggan skeleton (Depths:1)
  2 wyverns
  A hog (D:12)
  A vampire (D:12)
  17 spriggans
  4 fire elementals
  12 wraiths
  A ynoxinul (Abyss:2)
  A human (D:12)
  4 water elementals (Depths:3)
  Eustachio (D:5)
  7 basilisks
  2 chaos spawn (D:12)
  69 yaks
  A fire bat (Abyss:2)
  16 vampire mosquitoes
  A steam dragon (D:6)
  57 redbacks
  A redback (shapeshifter) (Depths:2)
  3 wargs
  Menkaure (D:5)
  A neqoxec (Abyss:2)
  12 swamp worms
  Edmund (D:5)
  An acid dragon (D:13)
  5 hell hounds
  15 water moccasins
  Duvessa (D:3)
  4 ice beasts
  27 orc warriors
  8 swamp drakes
  A sky beast (D:5)
  A black bear (Lair:2)
  17 ogres
  8 small abominations (Abyss:2)
  16 wolves
  4 boggarts
  18 centaurs
  A phantom (D:6)
  11 kobold brigands
  6 bullfrogs
  2 necrophages (Swamp:3)
  4 scorpions
  A gnoll sergeant (D:8)
  16 wights
  Dowan (D:3)
  5 killer bees (D:9)
  A vampire bat (D:7)
  7 electric eels
  4 howler monkeys
  3 quasits (Abyss:2)
  Crazy Yiuf (D:2)
  A gnoll bouda (D:4)
  22 orc priests
  7 hounds
  6 jellies
  11 starcursed masses (Abyss:2)
  Terence (D:2)
  30 orc wizards
  3 sleepcaps
  3 iguanas
  8 mummies (Ossuary)
  5 adders
  13 gnolls
  3 ufetubi (Abyss:2)
  3 worms
  4 dart slugs
  126 orcs
  11 endoplasms
  6 giant cockroaches
  4 goblins
  7 hobgoblins
  5 jackals
  2 quokkas
  8 ball pythons
  13 bats
  3 frilled lizards
  2 gnoll zombies (Ossuary)
  3 hobgoblin zombies (Ossuary)
  38 kobolds
  3 orc zombies (Ossuary)
  3 rats
  A spectral weapon (Depths:1)
  3 starspawn tentacles (Abyss:2)
1350 creatures vanquished.

Vanquished Creatures (collateral kills)
  A bone dragon (Abyss:2)
  Jorgrun (Spider:3)
  3 emperor scorpions (Spider:4)
  A stone giant (Depths:1)
  A vampire knight (Depths:1)
  An ettin (Depths:1)
  A fire dragon (Depths:3)
  3 hydras (Swamp:4)
  A deep troll shaman (Depths:3)
  A thrashing horror (Abyss:2)
  A spriggan berserker (Swamp:4)
  A deep troll earth mage (Depths:1)
  An orc high priest (Orc:2)
  A sun demon (Depths:2)
  2 iron trolls (Depths:3)
  A skyshark (Depths:1)
  A goliath frog (Swamp:4)
  A deep troll (Depths:1)
  An orb spider (Spider:4)
  2 swamp dragons (Swamp:4)
  A steelbarb worm (Spider:4)
  A necromancer (Abyss:2)
  A wolf spider (Spider:4)
  A moth of wrath (Spider:4)
  A smoke demon (Depths:2)
  A hellion (Depths:2)
  A jumping spider (Spider:3)
  A wraith (Abyss:2)
  A culicivora (Spider:3)
  4 redbacks
  An orc warrior (Orc:2)
  2 swamp drakes (Swamp:4)
  2 orc priests (Orc:2)
  An orc wizard (Orc:2)
  2 ufetubi (Abyss:2)
47 creatures vanquished.

Vanquished Creatures (others)
  Nikola (Swamp:3)
  A spriggan druid (Swamp:1)
  An unseen horror (D:10)
  2 bloated husks
  A hornet (Swamp:2)
  A spriggan (Swamp:2)
  2 humans (D:12)
  2 redbacks
  A centaur (D:12)
  A wight (Abyss:2)
  An orc priest (Orc:2)
  2 orcs
  A kobold (D:13)
  A lurking horror (Abyss:2)
  35 starspawn tentacles (Abyss:2)
53 creatures vanquished.

Grand Total: 1450 creatures vanquished

Notes
Turn   | Place    | Note
-------+----------+-------------------------------------------
     0 | D:1      | Dordric the Gargoyle Fighter began the quest for the Orb.
     0 | D:1      | Reached XP level 1. HP: 14/14 MP: 1/1
   156 | D:1      | Reached XP level 2. HP: 10/19 MP: 2/2
   699 | D:1      | Reached XP level 3. HP: 20/23 MP: 3/3
   893 | D:2      | Found a glowing golden altar of the Shining One.
   908 | D:2      | Became a worshipper of the Shining One
   955 | D:2      | Reached XP level 4. HP: 20/28 MP: 4/4
  1044 | D:2      | Found a runed translucent door.
  1045 | D:2      | Noticed Crazy Yiuf
  1143 | D:2      | Noticed Terence
  1154 | D:2      | Killed Terence
  1324 | D:2      | Reached skill level 5 in Maces & Flails
  1324 | D:2      | Reached XP level 5. HP: 32/32 MP: 5/5
  1590 | D:2      | Killed Crazy Yiuf
  2353 | D:3      | Found Zotackif's Armour Shoppe.
  2755 | D:4      | Noticed Duvessa
  2755 | D:4      | Noticed Dowan
  2785 | D:3      | Killed Duvessa
  2786 | D:3      | Reached XP level 6. HP: 36/37 MP: 6/6
  2796 | D:3      | Killed Dowan
  2979 | D:4      | Noticed Sigmund
  3010 | D:4      | Killed Sigmund
  3011 | D:4      | Reached XP level 7. HP: 18/41 MP: 7/7
  3504 | D:4      | Found a sacrificial altar of Ru.
  3513 | D:4      | Found an ancient bone altar of Kikubaaqudgha.
  3514 | D:4      | Found a shimmering blue altar of Sif Muna.
  3514 | D:4      | Found a shadowy altar of Dithmenos.
  3514 | D:4      | Found a stormy altar of Qazlal.
  3514 | D:4      | Found a blossoming altar of Fedhas.
  3516 | D:4      | Found a glowing golden altar of the Shining One.
  3539 | D:4      | Found a white marble altar of Elyvilon.
  3641 | D:5      | Entered Level 5 of the Dungeon
  3680 | D:5      | Noticed Menkaure
  3695 | D:5      | Killed Menkaure
  3952 | D:5      | Reached XP level 8. HP: 46/46 MP: 8/8
  3970 | D:5      | Noticed Edmund
  3988 | D:5      | Killed Edmund
  4209 | D:5      | Reached skill level 10 in Maces & Flails
  4389 | D:5      | Noticed Eustachio
  4434 | D:5      | Killed Eustachio
  4980 | D:6      | Reached XP level 9. HP: 51/51 MP: 9/9
  5094 | D:6      | Noticed Grinder
  5116 | D:6      | Reached * piety under the Shining One
  5118 | D:6      | Killed Grinder
  5202 | D:6      | Noticed Maggie
  5246 | D:6      | Killed Maggie
  5627 | D:6      | Noticed Jeremiah
  5654 | D:6      | Killed Jeremiah
  5763 | D:6      | Found Zin's Purification Station.
  5766 | D:6      | Found a glowing silver altar of Zin.
  5774 | D:6      | Fell from the grace of the Shining One
  5774 | D:6      | Became a worshipper of Zin the Law-Giver
  5774 | D:6      | Reached * piety under Zin
  5896 | D:7      | Reached XP level 10. HP: 56/56 MP: 10/10
  5955 | D:7      | Reached skill level 1 in Invocations
  6120 | D:7      | Reached skill level 2 in Invocations
  6151 | D:7      | Reached skill level 3 in Invocations
  6450 | D:7      | Reached skill level 4 in Invocations
  6874 | D:7      | Reached ** piety under Zin
  7209 | D:7      | Found a staircase to the Ecumenical Temple.
  7403 | D:8      | Found a sand-covered staircase.
  7408 | Ossuary  | Entered an ossuary
  7651 | Ossuary  | Reached *** piety under Zin
  7664 | Ossuary  | Reached **** piety under Zin
  7825 | D:8      | Reached skill level 5 in Invocations
  8046 | D:8      | Reached ***** piety under Zin
  8140 | D:8      | Found an ornate altar of the Wu Jian Council.
  8620 | D:9      | Noticed an orange demon
  8621 | D:9      | Noticed Amaemon
  8768 | D:8      | Killed Amaemon
  8769 | D:8      | Reached skill level 6 in Invocations
  8927 | D:8      | Killed an orange demon
  8928 | D:8      | Reached XP level 11. HP: 47/60 MP: 14/16
  9042 | D:9      | Reached skill level 15 in Maces & Flails
  9183 | D:9      | Reached skill level 7 in Invocations
  9327 | D:9      | Found a staircase to the Lair.
  9615 | D:9      | Reached skill level 8 in Invocations
 10178 | D:10     | Entered Level 10 of the Dungeon
 10459 | D:10     | Found an opulent altar of Gozag.
 11048 | D:10     | Found Ekyg's Neck Hole.
 11060 | D:10     | Reached skill level 9 in Invocations
 11132 | D:10     | Found a runed translucent gate.
 11132 | D:10     | Noticed Pooter's ghost (journeyman MiBe)
 11133 | D:10     | Found a runed translucent gate.
 11133 | D:10     | Found a runed translucent gate.
 11134 | D:10     | Noticed croobank's ghost (journeyman DsCj)
 11134 | D:10     | Noticed Frenzy's ghost (novice GrFi)
 11135 | D:10     | Noticed hgbash's ghost (journeyman GrFi)
 11404 | D:11     | Noticed Josephine
 11474 | D:10     | Killed Josephine
 11647 | D:11     | Reached skill level 10 in Invocations
 11772 | D:11     | Noticed a two-headed ogre
 11781 | D:11     | Killed a two-headed ogre
 11782 | D:11     | Reached XP level 12. HP: 56/64 MP: 16/20
 11920 | D:11     | Noticed Lodul
 11931 | D:11     | Killed Lodul
 11932 | D:11     | Reached skill level 11 in Invocations
 11955 | D:11     | Reached ****** piety under Zin
 12193 | D:11     | Noticed Snorg
 12216 | D:11     | Killed Snorg
 12244 | D:11     | Reached skill level 12 in Invocations
 12267 | D:11     | Found a staircase to the Orcish Mines.
 12461 | D:11     | Noticed a two-headed ogre
 12467 | D:11     | Killed a two-headed ogre
 12682 | D:12     | Reached skill level 5 in Fighting
 12683 | D:12     | Reached skill level 5 in Armour
 12714 | D:12     | Noticed Kirke
 12751 | D:12     | Killed Kirke
 12854 | D:12     | Noticed a soul eater
 12926 | D:12     | Killed a soul eater
 13019 | D:12     | Noticed a tengu warrior
 13020 | D:12     | Noticed a tengu warrior
 13034 | D:12     | Killed a tengu warrior
 13037 | D:12     | Killed a tengu warrior
 13112 | D:12     | Noticed a boulder beetle
 13124 | D:12     | Killed a boulder beetle
 13158 | D:12     | Noticed Fannar
 13170 | D:12     | Killed Fannar
 13171 | D:12     | Reached XP level 13. HP: 71/76 MP: 22/22
 13226 | D:12     | Reached skill level 13 in Invocations
 13738 | D:13     | Noticed an apis
 13755 | D:12     | Killed an apis
 13841 | D:13     | Noticed Azrael
 13842 | D:13     | Found a glowing golden altar of the Shining One.
 13845 | D:13     | Noticed an apis
 13871 | D:13     | Killed an apis
 13976 | D:13     | Fell from the grace of Zin
 13976 | D:13     | Became a worshipper of the Shining One
 13976 | D:13     | Reached ** piety under the Shining One
 13976 | D:13     | Reached *** piety under the Shining One
 13992 | D:13     | Reached **** piety under the Shining One
 14283 | Lair:1   | Entered Level 1 of the Lair of Beasts
 14450 | Lair:1   | Noticed Joseph
 14457 | Lair:1   | Killed Joseph
 15607 | Lair:2   | Reached skill level 14 in Invocations
 16930 | Lair:3   | Gained mutation: Your large and strong wings let you fly.
                  | [Gargoyle growth]
 16930 | Lair:3   | Reached XP level 14. HP: 64/87 MP: 24/24
 17060 | Lair:3   | Reached skill level 10 in Fighting
 17069 | Lair:3   | Reached skill level 10 in Armour
 17252 | Lair:3   | Found a hide-covered altar of Uskayaw.
 17632 | Lair:3   | Found a hole to the Spider Nest.
 17792 | Lair:3   | Found a staircase to the Swamp.
 17804 | Lair:3   | Reached skill level 15 in Invocations
 18563 | Lair:4   | Found a staircase to the Slime Pits.
 18563 | Lair:4   | Found a viscous altar of Jiyva.
 18967 | Lair:5   | Entered Level 5 of the Lair of Beasts
 19616 | Lair:5   | Reached ***** piety under the Shining One
 20092 | Lair:5   | Reached XP level 15. HP: 95/96 MP: 26/26
 20131 | Lair:5   | Reached skill level 16 in Invocations
 20626 | Lair:5   | Identified a scroll of acquirement
 20626 | Lair:5   | Acquired a manual of Invocations
 20875 | D:12     | Killed Azrael
 21724 | D:13     | Found a runed translucent door.
 21877 | D:13     | Found a runed translucent door.
 21877 | D:13     | Noticed Guagh's ghost (journeyman MiFi)
 21973 | D:13     | Reached skill level 17 in Invocations
 22809 | D:13     | Identified the +3 ring mail "Yppaung" {rElec rN+++ Str-5
                  | Int-3}
 23226 | D:14     | Reached skill level 18 in Invocations
 23596 | D:14     | Noticed Erica
 23610 | D:14     | Killed Erica
 23611 | D:14     | Reached XP level 16. HP: 105/105 MP: 29/29
 23669 | D:14     | The Shining One protects you from harm!
 23673 | D:15     | Entered Level 15 of the Dungeon
 24054 | D:14     | Found a gate to the Vaults.
 24275 | D:14     | Noticed Harold
 24288 | D:14     | Killed Harold
 24683 | D:15     | Reached ****** piety under the Shining One
 24689 | D:15     | Identified a +0 sacred scourge of holy wrath (a -2 demon
                  | whip of venom blessed by the Shining One)
 24689 | D:15     | Received a gift from the Shining One
 24721 | D:15     | Found a gateway to a bazaar.
 24721 | D:15     | Found Colaus's Jewellery Shop.
 24958 | D:15     | Found Wizeulah's Assorted Antiques.
 25243 | D:15     | Reached skill level 19 in Invocations
 25548 | D:15     | Found a staircase to the Depths.
 25878 | Orc:1    | Entered Level 1 of the Orcish Mines
 26123 | Orc:1    | Found Xownifyb's Jewellery Shop.
 26462 | Orc:2    | Entered Level 2 of the Orcish Mines
 26482 | Orc:2    | Found a staircase to the Elven Halls.
 26676 | Orc:2    | Reached skill level 5 in Shields
 27191 | Orc:2    | Found Mapob's Weapon Shoppe.
 27191 | Orc:2    | Found Owirhysm's Jewellery Shoppe.
 27191 | Orc:2    | Found Dias's Antique Weapon Emporium.
 27233 | Orc:2    | Found Xusunoadwi's Magic Scroll Emporium.
 27241 | Orc:2    | Bought 3 scrolls of enchant armour for 315 gold pieces
 27241 | Orc:2    | Bought a scroll of identify for 28 gold pieces
 27241 | Orc:2    | Bought a scroll of identify for 28 gold pieces
 27241 | Orc:2    | Bought a scroll of identify for 28 gold pieces
 27241 | Orc:2    | Bought a scroll of identify for 28 gold pieces
 27241 | Orc:2    | Bought a scroll of identify for 28 gold pieces
 27241 | Orc:2    | Bought 2 scrolls of enchant weapon for 210 gold pieces
 27823 | Spider:1 | Entered Level 1 of the Spider Nest
 29191 | Spider:2 | Reached skill level 10 in Shields
 29277 | Spider:2 | Reached XP level 17. HP: 112/112 MP: 30/30
 29835 | Spider:3 | Noticed Jorgrun
 29857 | Spider:3 | Killed Jorgrun
 30592 | Spider:4 | Entered Level 4 of the Spider Nest
 31260 | Spider:4 | Reached skill level 15 in Shields
 31427 | Spider:4 | Got a gossamer rune of Zot
 32288 | Swamp:1  | Entered Level 1 of the Swamp
 32312 | Swamp:1  | Identified the +0 robe of Wasted Space {Int+2 Dex+3}
 32354 | Swamp:1  | You are sucked into a shaft and drop 1 floor!
 32387 | Swamp:2  | Reached XP level 18. HP: 58/117 MP: 22/31
 33075 | Swamp:1  | Identified the +5 ring mail of Tolotoen {rN++ Will+ Regen+
                  | Int+3}
 33580 | Swamp:2  | Found a runed translucent door.
 33580 | Swamp:2  | Found a shimmering altar of Xom.
 33580 | Swamp:2  | Noticed jasper's ghost (adept DECj)
 34746 | Swamp:3  | Noticed Nikola
 34761 | Swamp:3  | Killed Nikola
 35739 | Swamp:4  | Entered Level 4 of the Swamp
 36353 | Swamp:4  | Noticed the 27-headed Lernaean hydra
 36361 | Swamp:4  | Killed the 27-headed Lernaean hydra
 36599 | Swamp:4  | Got a decaying rune of Zot
 37207 | Vaults:2 | Identified the "Bude"
 37207 | Vaults:5 | Identified the "Zuem Wacko"
 37207 | Vaults:5 | Identified the "Zayhag"
 37207 | Vaults:5 | Identified the "Lowuurgh"
 37207 | Crypt:3  | Identified the "Ucetep"
 37207 | Depths:1 | Entered Level 1 of the Depths
 37485 | Depths:1 | Noticed a hellephant
 37623 | Depths:1 | Paralysed by a vampire knight for 3 turns
 37637 | Depths:1 | Reached XP level 19. HP: 26/122 MP: 24/32
 37874 | Depths:1 | Reached skill level 15 in Fighting
 37881 | Depths:1 | Killed a hellephant
 37921 | Depths:1 | Found a portal to a secret trove of treasure.
 37955 | Depths:1 | Reached skill level 20 in Invocations
 38500 | Depths:1 | Noticed Asterion
 38519 | Depths:1 | Gained mutation: You are clumsy. (Dex -2) [a cacodemon]
 38524 | Depths:1 | Noticed a hellephant
 38525 | Depths:1 | Killed Asterion
 38545 | Depths:1 | Killed a hellephant
 38655 | Depths:1 | Noticed Norris
 38656 | Depths:1 | Found a hide-covered altar of Uskayaw.
 38705 | Depths:1 | Killed Norris
 38741 | Depths:1 | Reached skill level 21 in Invocations
 39127 | Depths:1 | Found a gateway to Hell.
 39168 | Depths:1 | Found a one-way gate to the infinite horrors of the Abyss.
 39400 | Abyss:2  | Found a corrupted altar of Lugonu.
 39400 | Abyss:2  | Cast into level 2 of the Abyss (an occultist)
 39534 | Abyss:2  | Found a corrupted altar of Lugonu.
 39752 | Abyss:2  | Gained mutation: Armour fits poorly on your strangely
                  | shaped body. [a neqoxec]
 39757 | Abyss:2  | Paralysed by accursed screaming for 2 turns
 39768 | Abyss:2  | Paralysed by accursed screaming for 1 turns
 39773 | Abyss:2  | Paralysed by accursed screaming for 1 turns
 39775 | Abyss:2  | HP: 4/127 [starcursed mass/accursed screaming (12)]
 40404 | Abyss:2  | Noticed a bone dragon
 40421 | Abyss:2  | Found a corrupted altar of Lugonu.
 40490 | Abyss:2  | Noticed a bone dragon
 40511 | Abyss:2  | Killed a bone dragon
 40512 | Abyss:2  | Reached skill level 22 in Invocations
 40553 | Abyss:2  | Reached XP level 20. HP: 61/134 MP: 24/35
 40598 | Abyss:2  | Paralysed by accursed screaming for 1 turns
 40655 | Abyss:2  | Found a corrupted altar of Lugonu.
 40836 | Abyss:2  | Gained mutation: Your magical capacity is low. (-10% MP) [a
                  | neqoxec]
 40838 | Abyss:2  | Gained mutation: Your spells are a little easier to cast,
                  | but a little less powerful. [a neqoxec]
 40858 | Abyss:2  | Noticed a bone dragon
 40859 | Abyss:2  | Found a corrupted altar of Lugonu.
 40865 | Abyss:2  | Found a corrupted altar of Lugonu.
 40905 | Abyss:2  | Killed a bone dragon
 40976 | Depths:2 | Escaped the Abyss
 41044 | Depths:2 | Noticed a golden dragon
 41063 | Depths:2 | Killed a golden dragon
 41111 | Depths:2 | Noticed a golden dragon
 41509 | Depths:1 | Killed a golden dragon
 41670 | Depths:2 | Noticed a golden dragon
 41691 | Depths:2 | Killed a golden dragon
 42148 | Depths:2 | Identified the +1 robe "Gairch" {Fly Str+6}
 42333 | Depths:2 | Found a one-way gate leading to the halls of Pandemonium.
 42589 | Depths:2 | Found a hazy altar of Hepliaklqana.
 43154 | Depths:3 | Found a runed translucent door.
 43740 | Depths:3 | Reached skill level 23 in Invocations
 43969 | Depths:3 | Noticed Louise
 44002 | Depths:3 | Killed Louise
 44294 | Depths:3 | Killed from afar by a living spell

Illustrated notes

Levels and vault maps discovered:
D:1:      minmay_arrival_doors, layout_basic
D:2:      layout_basic, basic_altar, cheibrodos_gnoll_hut, uniq_terence,
          uniq_crazy_yiuf_cottage
D:3:      layout_basic, serial_shops, nicolae_shop_pleasant_corner_grove,
          minmay_misc_feat_chi, small_statue_intersection
D:4:      layout_cave_pods, minitemple, grunt_ministairs_9, uniq_duvessa,
          uniq_sigmund
D:5:      layout_basic, uniq_edmund, uniq_menkaure, uniq_eustachio
D:6:      layout_rooms, zin_purify, uniq_jeremiah, uniq_maggie, uniq_grinder
D:7:      layout_basic, lemuel_temple_firewalk_b, roderic_batcave,
          nrook_pool_corridor, hangedman_decor_points
D:8:      layout_cave_pools, nzn_wu_jian_council_hall, serial_column_ruins,
          column_ruins_square_large, column_ruins_hut_water,
          column_ruins_grid_2, column_ruins_open_small, column_ruins_grid_4,
          column_ruins_columns_straight, column_ruins_columns_straight,
          column_ruins_open_small, lightli_ossuary_entry_decrepit_ruins,
          grunt_ministairs_15, nicolae_figureground_sparkle
D:9:      layout_basic, erik_lair_island, hive_lemuel, uniq_amaemon
D:10:     layout_loops_ring, mainiacjoe_overflow_six_doors_small,
          gammafunk_ghost_cemetery, nicolae_shop_sticking_my_neck_out
D:11:     layout_gridville, hiddenorc2_lemuel, minmay_unpleasant_kobolds,
          uniq_lodul, uniq_josephine, uniq_snorg
D:12:     layout_roguey [special_room_orc], serial_demonic, serial_demonic_e,
          serial_demonic_c, serial_demonic_g, serial_demonic_g, uniq_kirke,
          uniq_fannar
D:13:     dreamdust_under_siege, layout_cave_pods, ebering_ghost_inner_flame,
          lightli_airlock, uniq_azrael
D:14:     layout_loops_ring, hangedman_vaults_entry_quadrant_bands, special_room
          [special_room_orc], sword_in_stone
D:15:     grunt_enter_depths_magical_seal, layout_loops_ring, serial_shops,
          bzr_entry_dummy, shop, nicolae_shop_window_shopping,
          hangedman_abyss_or_decor_slice, grunt_ministairs_2
Lair:1:   layout_loops_ring, minivault_27, uniq_joseph
Lair:2:   layout_cave_shapes, grunt_megastairs_1, lemuel_fruit_fields,
          infiniplex_staircase_pool
Lair:3:   layout_regular_city, mainiacjoe_swamp_entry_angry_trees,
          nicolae_spider_entry_orb_guardian, basic_altar, grunt_megastairs_2,
          lemuel_fruit_tree, serial_bayou_shore_a
Lair:4:   layout_regular_city, slime_entry_1, grunt_forest_small_clearing_treed,
          grunt_megastairs_3
Lair:5:   evilmike_catoblepas_cave, layout_cave_pods, st_stairs_4
Swamp:1:  layout_basic_swamp, infiniplex_staircase_pool_2
Swamp:2:  nzn_winding_woodlands_medium [nzn_winding_woodlands_5x5_default,
          nzn_winding_woodlands_5x15_lazy_stream,
          nzn_winding_woodlands_5x5_open_star,
          nzn_winding_woodlands_5x5_checkerboard,
          nzn_winding_woodlands_center_diamonds,
          nzn_winding_woodlands_5x5_three, nzn_winding_woodlands_hourglass,
          nzn_winding_woodlands_5x15_eye, nzn_winding_woodlands_5x5_default],
          layout_falls_marsh, ebering_ghost_xom, evilmike_swamp_ruin_house_5,
          swamp_pool2
Swamp:3:  nicolae_swamp_secret_spriggan_hideout, layout_basic_swamp,
          evilmike_swamp_ruin_rubble_2, nicolae_swamp_reclaimed_castle,
          uniq_nikola
Swamp:4:  swamp_old_school, layout_basic_swamp
Spider:1: layout_spider_delve
Spider:2: layout_spider_delve
Spider:3: layout_spider_delve, uniq_jorgrun
Spider:4: grunt_spider_rune_circles
Orc:1:    layout_caves, serial_shops, nicolae_shop_advertising_works
          [nicolae_subvault_shop_adworks], basic_altar, kennysheep_orc_chapel
Orc:2:    st_orc_mages, layout_caves, basic_altar
Depths:1: layout_basic, abyss_entry, grunt_hell_horde, enter_trove_2,
          ebering_dispersal_statue_hall, nicolae_uskayaw_en_pointe, uniq_norris,
          uniq_asterion
Depths:2: minmay_curly_fans, layout_cave_pools, hangedman_geh_valley,
          abyss_entry_crystal, nicolae_hepliaklqana_hippocampus,
          grunt_pan_entry_spiral, st_stairs_5, minmay_misc_feat_room
Depths:3: kennysheep_blocky_room, layout_gridlike,
          nicolae_abyss_entry_one_way_or_another, kennysheep_cross_room,
          hell_entry, lightli_giant_bouncers, minmay_staircase_bubble

Skill      XL: |  1  2  3  4  5  6  7  8  9 10 11 12 13 14 15 16 17 18 19 20 |
---------------+-------------------------------------------------------------+-----
Maces & Flails | 3 4 5 6 7 9 11 13 14 16 | 16.0
Invocations    | 6 10 12 14 15 18 19 22 23 | 23.3
Fighting       | 6 9 12 13 14 17 18 | 18.9
Armour         | 6 9 11 13 14 | 14.4
Shields        | 10 16 19 | 19.8

Action                     |  1- 3 |  4- 6 |  7- 9 | 10-12 | 13-15 | 16-18 | 19-21 || total
---------------------------+-------+-------+-------+-------+-------+-------+-------++-------
  Melee: Flail             |   137 |   214 |   287 |   361 |       |       |       ||   999
         Morningstar       |       |       |       |   551 |  1121 |    69 |       ||  1741
         Sacred scourge    |       |       |       |       |       |  1950 |  1144 ||  3094
         Eveningstar       |       |       |       |       |       |       |    15 ||    15
 Invoke: Recite            |       |       |       |    28 |     3 |       |       ||    31
         Vitalisation      |       |       |       |     5 |     2 |       |       ||     7
         Sanctuary         |       |       |       |     1 |       |       |       ||     1
         Divine Shield     |       |       |       |       |     7 |    12 |     8 ||    27
         Cleansing Flame   |       |       |       |       |     4 |    13 |    32 ||    49
         Summon Divine War |       |       |       |       |       |     7 |     5 ||    12
         Brand Weapon With |       |       |       |       |       |     1 |       ||     1
  Evoke: Wand              |       |       |       |     1 |       |       |       ||     1
    Use: Scroll            |       |     3 |       |     9 |     7 |    26 |     6 ||    51
         Potion            |       |       |     1 |       |     1 |     6 |     2 ||    10
   Stab: Invisible         |       |       |       |     2 |       |       |       ||     2
         Confused          |       |       |       |     6 |       |       |       ||     6
         Paralysed         |       |       |       |     6 |       |       |       ||     6
 Armour: Scale mail        |   104 |   162 |       |       |       |       |       ||   266
         Plate armour      |       |    24 |   191 |   659 |   934 |  1325 |   620 ||  3753
  Dodge: Dodged            |    91 |    99 |    56 |   147 |   260 |   322 |   127 ||  1102
  Block: Buckler           |    33 |    34 |   110 |   310 |   572 |    52 |       ||  1111
         Reflection        |       |       |     6 |     4 |    33 |    27 |     7 ||    77
         Kite shield       |       |       |       |       |       |  1539 |  1005 ||  2544

Table legend: (Time is in decaauts)
 A = Elapsed time spent in this place.
 B = Non-inter-level travel time spent in this place.
 C = Inter-level travel time spent in this place.
 D = Time resting spent in this place.
 E = Time spent auto-exploring this place.
 F = Levels seen in this place.
 G = Mean time per level.
                   A        B        C        D        E       F      G
               +--------+--------+--------+--------+--------+-----+--------+
         Total |  42442 |  40616 |   1826 |   6687 |  24719 |  35 | 1212.6 |
       Dungeon |  19166 |  18081 |   1085 |   2435 |  11490 |  15 | 1277.7 |
          Lair |   6403 |   6031 |    372 |    357 |   4797 |   5 | 1280.6 |
         Swamp |   4427 |   4241 |    186 |    956 |   2508 |   4 | 1106.8 |
   Spider Nest |   4012 |   3914 |     98 |    906 |   2009 |   4 | 1003.0 |
  Orcish Mines |   1707 |   1668 |     39 |    168 |    997 |   2 |  853.5 |
        Depths |   4956 |   4912 |     44 |   1612 |   2259 |   3 | 1652.0 |
         Abyss |   1448 |   1448 |      0 |    252 |    449 |   1 | 1448.0 |
       Ossuary |    321 |    321 |      0 |      0 |    208 |   1 |  321.0 |
               +--------+--------+--------+--------+--------+-----+--------+

Top non-repeatable levels by time:
Depths:1: 2478 daAuts
    D:13: 2071 daAuts
  Lair:5: 1694 daAuts
     D:9: 1604 daAuts
  Lair:3: 1582 daAuts
    D:15: 1556 daAuts
    D:14: 1452 daAuts
    D:12: 1449 daAuts
 Abyss:2: 1448 daAuts
     D:7: 1411 daAuts
Depths:3: 1350 daAuts
    D:10: 1313 daAuts
 Swamp:2: 1292 daAuts
     D:8: 1244 daAuts
  Lair:2: 1189 daAuts
